 Dungeon Crawl Stone Soup version 0.30-a0-629-gd54f4be4f7 (webtiles) character file.

Game seed: 9052333910100477768

3 elagabalus the Stinger (level 1, 10/10 HPs)
             Began as a Tengu Venom Mage on Jan 13, 2023.
             Quit the game on level 1 of the Dungeon.
             The game lasted 00:02:18 (149 turns).

elagabalus the Stinger (Tengu Venom Mage)            Turns: 149, Time: 00:02:19

Health: 10/10      AC:  2    Str:  8    XL:     1   Next: 50%
Magic:  4/4        EV: 12    Int: 15    God:
Gold:   10         SH:  0    Dex: 12    Spells: 3/4 levels left

rFire   . . .      SeeInvis .    (no weapon)
rCold   . . .      Faith    .    (no shield)
rNeg    . . .      Spirit   .    a - +0 robe
rPois   .          Reflect  .    (helmet restricted)
rElec   .          Harm     .    (no cloak)
rCorr   .          Rampage  .    (no gloves)
Will    .....                    (boots unavailable)
Stlth   +                        (no amulet)
HPRegen 0.21/turn                (no ring)
MPRegen 0.09/turn                (no ring)

@: contaminated, glowing
A: beak, talons 3, clumsy 1
a: no special abilities


You were on level 1 of the Dungeon.
You visited 1 branch of the dungeon, and saw 1 of its levels.

You collected 10 gold pieces.

Inventory:

Hand Weapons
 d - a +0 hand axe
Armour
 a - a +0 robe (worn)
Scrolls
 c - a scroll of poison {unknown}
Potions
 b - a potion of magic


   Skills:
 - Level 2.1 Dodging
 - Level 2.0 Stealth
 - Level 2.0 Spellcasting
 - Level 0.7 Transmutations
 * Level 3.2 Poison Magic


You had 3 spell levels left.
You knew the following spells:

 Your Spells              Type           Power      Damage    Failure   Level
a - Sting                 Tmut/Pois      28%        1d4       10%         1

Your spell library contained the following spells:

 Spells                   Type           Power      Damage    Failure   Level
 Poisonous Vapours        Pois/Air       12%        N/A       17%         2
 Mephitic Cloud           Conj/Pois/Air  4%         N/A       38%         3
 Olgreb's Toxic Radiance  Pois           11%        N/A       50%         4


Dungeon Overview and Level Annotations

Branches:
Dungeon (1/15)

Altars:


Innate Abilities, Weirdness & Mutations

You have a beak for a mouth.
You have claws for feet.
You are clumsy. (Dex -2)


Message History

Your magical contamination has completely faded away.
Found a glowing spear.
Found 7 gold pieces.
A kobold comes into view. It is wielding a +0 dagger.
The kobold shouts!
Aiming: Sting (safe; 10% risk of failure)
Press: ? - help, Q - select action Shift-Dir - straight line, f - kobold
Aim: a kobold, wielding a +0 dagger (60% to hit)
The sting hits the kobold.
The kobold is poisoned.
The kobold is moderately wounded.
The kobold hits you with a +0 dagger.
Aiming: Sting (safe; 10% risk of failure)
Press: ? - help, Q - select action Shift-Dir - straight line, f/p - kobold
Aim: a kobold, wielding a +0 dagger (moderately wounded, poisoned, 60% to hit)
You miscast Sting.
You are very lightly contaminated with residual magic.
Nothing appears to happen.
The kobold hits you but does no damage.
You barely miss the kobold.
The kobold is severely wounded.
You kill the kobold!
HP restored.
Your magical contamination has completely faded away.
You see here a +1 spear of distortion.
e - a +1 spear of distortion Really wield
e - a +1 spear of distortion? [Y]es or [N]o only, please.
Really wield
e - a +1 spear of distortion?
Okay, then.
Really wield
e - a +1 spear of distortion?
Space warps around you for a moment!
e - a +1 spear of distortion (weapon)
You now have 10 gold pieces (gained 7).
Really unwield
e - a +1 spear of distortion?
Space warps into you!
You are contaminated with residual magic.
You are now empty-handed.
You drop a +1 spear of distortion.
Your body shudders with the violent release of wild energies!
You feel clumsy.
Are you sure you want to abandon this character and quit the game? (Confirm with "yes".)

########## #......).########
### ### ### #.##......#.#@#.#
#.# #.# #.#
#.....##.#.#.#.#.#.#.#.#.#.#
#.......###.###.###.###.###.
#.#......#.#.#.#.#.#.#.#.#.#.#
##
#......)..#.#.#.#.#.#.#.#.#.#.
.#
##.......#####################
.# #.......# .# ##.>....#
####### ### .# #......#
##.....## ###..


There were no monsters in sight!

Vanquished Creatures
  An endoplasm (D:1)
  A kobold (D:1)
  A bat (D:1)
3 creatures vanquished.

Notes
Turn   | Place    | Note
-------+----------+-------------------------------------------
     0 | D:1      | elagabalus the Tengu Venom Mage began the quest for the
                  | Orb.
     0 | D:1      | Reached XP level 1. HP: 10/10 MP: 4/4
   143 | D:1      | Gained mutation: You are clumsy. (Dex -2) [mutagenic glow]
   149 | D:1      | Quit the game

Illustrated notes

Levels and vault maps discovered:
D:1:      minmay_arrival_solitary_statue, layout_loops_corners,
          roderic_roman_lattice

Action                   || total
-------------------------++-------
Melee: Hand axe          ||     1
 Cast: Sting             ||     4
Armor: Robe              ||     1
Dodge: Dodged            ||     3

Table legend: (Time is in decaauts)
 A = Elapsed time spent in this place.
 B = Non-inter-level travel time spent in this place.
 C = Inter-level travel time spent in this place.
 D = Time resting spent in this place.
 E = Time spent auto-exploring this place.
 F = Levels seen in this place.
 G = Mean time per level.
                   A        B        C        D        E       F      G
               +--------+--------+--------+--------+--------+-----+--------+
         Total |    148 |     66 |     82 |      0 |      0 |   1 |  148.0 |
       Dungeon |    148 |     66 |     82 |      0 |      0 |   1 |  148.0 |
               +--------+--------+--------+--------+--------+-----+--------+

Top non-repeatable levels by time:
     D:1: 148 daAuts
